Workbook

Sheet Resumen
D1: ALCALDÍA LOCAL DE BOSA EVALUACIÓN TÉCNICA DE PROPONENTES FDLBOSAMC 024-2025 (151104)
A5: IDENTIFICACIÓN DEL PROCESO
A7: PROCESO | C7: FDLBOSAMC 024-2025 (151104)
A8: OBJETO | C8: PRESTAR EL SERVICIO DE TRANSPORTE TERRESTRE AUTOMOTOR INTEGRAL DE BIENES MUEBLES, EQUIPOS Y PERSONAL DENTRO DEL PERÍMETRO URBANO DE LA CIUDAD DE BOGOTÁ A MONTO AGOTABLE Y PRECIOS UNITARIOS PARA EL FONDO DE DESARROLLO LOCAL DE BOSA
A11: PRESUPUESTO | C11: 45684757
A13: CONSOLIDADO DE LA EVALUACIÓN HABILITANTE TÉCNICA
A16: LISTADO DE PROPONENTES
A17: NÚMERO | B17: PROPONENTE | F17: DOCUMENTO
A18: 1 | B18: ='Proponente 1'!C19 -> BLANCO FORERO PEDRO JESUS | F18: ='Proponente 1'!C20 -> 79666698
A19: 2 | B19: ='Proponente 2'!C19 -> COMERCIALIZADORA CAFE BOTERO S A S | F19: ='Proponente 2'!C20 -> 900334037
A20: 3 | B20: ='Proponente 3'!C19 -> TECNOSOLUCIONES A&K SAS | F20: ='Proponente 3'!C20 -> 901345795
A21: 4 | B21: ='Proponente 4'!C19 -> DISTRIBUCIONES EYG S.A.S | F21: ='Proponente 4'!C20 -> 900784483
A22: 5 | B22: ='Proponente 5'!C19 -> CREACIONES BAGS STAR S.A.S | F22: ='Proponente 5'!C20 -> 900416534
A23: 6 | B23: ='Proponente 6'!C19 -> MOLINA RUBIO MAIRA KATERIN | F23: ='Proponente 6'!C20 -> 1023362964
A25: RESUMEN EVALUACIÓN
A26: ÍTEM A EVALUAR | C26: NÚMERO DE PROPONENTE
C27: 1 | D27: 2 | E27: 3 | F27: 4 | G27: 5 | H27: 6
A28: EXPERIENCIA DEL PROPONENTE | C28: =IF('Proponente 1'!E27="X", "CUMPLE", "NO CUMPLE") -> CUMPLE | D28: =IF('Proponente 2'!E27="X", "CUMPLE", "NO CUMPLE") -> CUMPLE | E28: =IF('Proponente 3'!E27="X", "CUMPLE", "NO CUMPLE") -> NO CUMPLE | F28: =IF('Proponente 4'!E27="X", "CUMPLE", "NO CUMPLE") -> NO CUMPLE | G28: =IF('Proponente 5'!E27="X", "CUMPLE", "NO CUMPLE") -> NO CUMPLE | H28: =IF('Proponente 6'!E27="X", "CUMPLE", "NO CUMPLE") -> CUMPLE
A29: VERIFICACIÓN DE CALIDAD DE MATERIAS PRIMAS, DISPONIBILIDAD | C29: =IF('Proponente 1'!E28="X", "CUMPLE", "NO CUMPLE") -> NO CUMPLE | D29: =IF('Proponente 2'!E28="X", "CUMPLE", "NO CUMPLE") -> NO CUMPLE | E29: =IF('Proponente 3'!E28="X", "CUMPLE", "NO CUMPLE") -> NO CUMPLE | F29: =IF('Proponente 4'!E28="X", "CUMPLE", "NO CUMPLE") -> NO CUMPLE | G29: =IF('Proponente 5'!E28="X", "CUMPLE", "NO CUMPLE") -> NO CUMPLE | H29: =IF('Proponente 6'!E28="X", "CUMPLE", "NO CUMPLE") -> CUMPLE
A30: ACREDITACIÓN DE CAPACIDAD TÉCNICA OPERATIVA Y DISPONIBILIDAD INMEDIATA DE PRODUCCIÓN | C30: =IF('Proponente 1'!E29="X", "CUMPLE", "NO CUMPLE") -> NO CUMPLE | D30: =IF('Proponente 2'!E29="X", "CUMPLE", "NO CUMPLE") -> CUMPLE | E30: =IF('Proponente 3'!E29="X", "CUMPLE", "NO CUMPLE") -> NO CUMPLE | F30: =IF('Proponente 4'!E29="X", "CUMPLE", "NO CUMPLE") -> NO CUMPLE | G30: =IF('Proponente 5'!E29="X", "CUMPLE", "NO CUMPLE") -> NO CUMPLE | H30: =IF('Proponente 6'!E29="X", "CUMPLE", "NO CUMPLE") -> CUMPLE
A31: ACEPTACIÓN DE CONDICIONES TÉCNICAS | C31: =IF('Proponente 1'!E30="X", "CUMPLE", "NO CUMPLE") -> CUMPLE | D31: =IF('Proponente 2'!E30="X", "CUMPLE", "NO CUMPLE") -> CUMPLE | E31: =IF('Proponente 3'!E30="X", "CUMPLE", "NO CUMPLE") -> CUMPLE | F31: =IF('Proponente 4'!E30="X", "CUMPLE", "NO CUMPLE") -> CUMPLE | G31: =IF('Proponente 5'!E30="X", "CUMPLE", "NO CUMPLE") -> CUMPLE | H31: =IF('Proponente 6'!E30="X", "CUMPLE", "NO CUMPLE") -> CUMPLE
A32: HABILITADO SI O NO | C32: =IF(COUNTIF(C28:C31, "NO CUMPLE")>0, "NO", "SI") -> NO | D32: =IF(COUNTIF(D28:D31, "NO CUMPLE")>0, "NO", "SI") -> NO | E32: =IF(COUNTIF(E28:E31, "NO CUMPLE")>0, "NO", "SI") -> NO | F32: =IF(COUNTIF(F28:F31, "NO CUMPLE")>0, "NO", "SI") -> NO | G32: =IF(COUNTIF(G28:G31, "NO CUMPLE")>0, "NO", "SI") -> NO | H32: =IF(COUNTIF(H28:H31, "NO CUMPLE")>0, "NO", "SI") -> SI
A34: REALIZADA EN BOGOTÁ D.C. A LOS 30 DÍAS DEL MES DE DICIEMBRE DE 2025
C37: RUBEN LEONARDO TARQUINO DÍAZ
C38: Referente de seguridad FDLB

Sheet Proponente 1
F1: ALCALDÍA LOCAL DE BOSA EVALUACIÓN TÉCNICA DE PROPONENTES FDLBOSAMC 024-2025 (151104)
A6: IDENTIFICACIÓN DEL PROCESO
A8: PROCESO | C8: FDLBOSAMC 024-2025 (151104)
A9: OBJETO | C9: ADQUIRIR LOS ELEMENTOS DE VISIBILIZACIÓN, PROTECCIÓN Y AUTOCUIDADO PERSONAL PARA LA ATENCIÓN Y GESTIÓN DE MOVILIZACIONES Y DE ACCIONES DE CUIDADO EN EL ESPACIO PÚBLICO EN EL MARCO DE LOS PROYECTOS DE INVERSIÓN 2855
A12: PRESUPUESTO | C12: 45684757
A14: PRESUPUESTO EN SMLMV | C14: =C12/C15 -> 32.093261 | F14: RESULTADO EVALUACIÓN | H14: RECHAZADO
A15: SMLMV VIGENCIA 2025 | C15: 1423500
A17: IDENTIFICACIÓN DEL PROPONENTE
A19: RAZON SOCIAL | C19: BLANCO FORERO PEDRO JESUS
A20: DOCUMENTO | C20: 79666698
A21: TIPO DE EMPRESA | C21: EMPRESA | E21: MYPIMES | G21: MUJER
A22: SEGÚN EL REGSITRO MERCANTIL EL INSCRITO SE CLASIFICO COMO: | E22: NO APORTO DOCUMENTO
A24: RESUMEN DE LA EVALUACIÓN
A26: ÍTEM A EVALUAR | E26: CUMPLE | F26: NO CUMPLE | G26: OBSERVACIÓN
A27: EXPERIENCIA DEL PROPONENTE | E27: X
A28: VERIFICACIÓN DE CALIDAD DE MATERIAS PRIMAS, DISPONIBILIDAD | F28: X | G28: NO APORTO DOCUMENTO
A29: ACREDITACIÓN DE CAPACIDAD TÉCNICA OPERATIVA Y DISPONIBILIDAD INMEDIATA DE PRODUCCIÓN | F29: X | G29: NO APORTO DOCUMENTO
A30: ACEPTACIÓN DE CONDICIONES TÉCNICAS | E30: X
A32: CRITERIOS DE EVALUACIÓN
A34: El Fondo de Desarrollo Local de Bosa se reserva la facultad de comprobarla autenticidad de los documentos aportados y se reserva el derecho de solicitar aclaraciones y/o soportes adicionales de la información que se anexe para acreditar la experiencia. Las certificaciones o actas de liquidación que contengan observaciones de insatisfacción en el contrato ejecutado o calificativos del servicio como regular o malo, no se tendrán en cuenta para la verificación de experiencia del proponente. Las certificaciones que no cumplan con la totalidad de los requisitos y condiciones exigidos para ellas en el presente proceso, no se anexen o no contengan la totalidad de la información solicitada, no se tendrán en cuenta para efecto de verificar la experiencia mínima del proponente. Nota 1: Para el efecto de traducir el valor del contrato en salarios mínimos mensuales legales vigentes, se tendrá en cuenta el valor del salario mínimo de la fecha de suscripción del contrato que se pretenda acreditar. Nota 2: Para los contratos en los que se pretenda acreditar experiencia con entidades privadas se debe entregar mínimo tres de los siguientes documentos: -Copia del contrato. - Acta de liquidación -Informe de actividades o ejecución. -Anexo Técnico u orden de compra. Si en un mismo documento se presenta la acreditación de la experiencia en más de un contrato, se tomará cada contrato como una (1) certificación de experiencia.
A46: EVALUACIÓN DE EXPERIENCIA
A48: RESUMEN DE LA EVALUACIÓN
A50: No. ORDEN | B50: No. CTO | C50: VALOR | E50: AÑO INICIO | F50: % PARTICIPACIÓN | G50: VALOR EXPERIENCIA | I50: SMLMV AÑO INICIO | J50: EXPERIENCIA EN SMLMV
A51: 1 | B51: 1015 de 2024 | C51: 380000000 | E51: 2024 | F51: 1 | G51: =C51/1 -> 380000000 | I51: =VLOOKUP(E51, Hoja7!$A$2:$B$22, 2, FALSE) -> 1300000 | J51: =G51/I51 -> 292.30769
A52: 2 | B52: 605 de 2017 | C52: 75558374 | E52: 2017 | F52: 1 | G52: =C52/1 -> 75558374 | I52: =VLOOKUP(E52, Hoja7!$A$2:$B$22, 2, FALSE) -> 737717 | J52: =G52/I52 -> 102.4219
E53: TOTAL DE EXPERIENCIA APORTADA | J53: =SUM(J51:J52) -> 394.72959
E54: TOTAL EXPERIENCIA REQUERIDA | J54: =C14 -> 32.093261
E55: HABILITACIÓN POR EXPERIENCIA (SI O NO) | J55: SI
A56: EXPERIENCIA APORTADA
A58: CONTRATO 1.
A59: N° EXPERIENCIA | C59: 1 | D59: ¿EL OBJETO Y EL O LOS CÓDIGOS UNSPSC SE AJUSTAN AL PLIEGO?
A60: NÚMERO DE CONTRATO | C60: =B51 -> 1015 de 2024 | G60: INICIO | H60: 45635 | I60: FIN | J60: 45652
A61: OBJETO | C61: "SUMINISTRO DE ELEMENTOS PARA ATENDER LA DOTACIÓN DE VESTIDO Y CALZADO DE LABOR, SEGURIDAD INDUSTRIAL DE LOS FUNCIONARIOS DE PLANTA Y AGENTES DE TRÁNSITO DE LA ALCALDÍA DEL MUNICIPIO DE MADRID, VIGENCIA 2024."
A64: CONTRATANTE | C64: ALCALDIA MUNICIPAL DE MADRID
A65: VALOR DEL CONTRATO | C65: =C51 -> 380000000 | E65: SMLMV DE AÑO DE INICIO | G65: =I51 -> 1300000
D66: VALOR CONTRATO EN SMLMV CÁLCULO FDLB AÑO INICIO | F66: =C65/G65 -> 292.30769
A68: PORCENTAJE DE PARTICIPACIÓN EN EL VALOR EJECUTADO EN CASO DE CONSORCIOS Y UNIONES TEMPORALES
A69: OBSERVACIONES | C69: NO
A71: CONTRATO 2.
A72: N° EXPERIENCIA | C72: 2 | D72: ¿EL OBJETO Y EL O LOS CÓDIGOS UNSPSC SE AJUSTAN AL PLIEGO?
A73: NÚMERO DE CONTRATO | C73: =B52 -> 605 de 2017 | G73: INICIO | I73: FIN
A74: OBJETO | C74: "CONTRATAR LA ADQUISICIÓN DE ELEMENTOS DE PROTECCIÓN PARA LOS EMPLEADOS DEL MUNICIPIO Y LA DOTACION PARA LOS TRABAJADORES OFICIALES QUE SE BENEFICIAN DE LA CONVENCION COLECTIVA SUSCRITA ENTRE EL MUNICIPIO DE FACATATIVA Y EL SINDICATO DE TRABAJADORES OFICIALES STOMF."
A77: CONTRATANTE | C77: ALCALDIA MUNICIPAL DE FACATATIVA
A78: VALOR DEL CONTRATO | C78: =C52 -> 75558374 | E78: SMLMV DE AÑO DE INICIO | G78: =I52 -> 737717
D79: VALOR CONTRATO EN SMLMV CÁLCULO FDLB AÑO INICIO | F79: =C78/G78 -> 102.4219
A81: PORCENTAJE DE PARTICIPACIÓN EN EL VALOR EJECUTADO EN CASO DE CONSORCIOS Y UNIONES TEMPORALES
A82: OBSERVACIONES | C82: NO
A84: REQUISITOS HABILITANTES TÉCNICOS
A86: VERIFICACIÓN DE CALIDAD DE MATERIAS PRIMAS, DISPONIBILIDAD
A88: ¿El proponente aportó Ficha Técnica de la tela propuesta y una Certificación emitida por el Fabricante de la misma o distribuidor mayorista (autorizado), en la cual conste expresamente que La materia prima cumple con la composición, gramaje, solidez y normas técnicas descritas en el Anexo Técnico de este proceso. Se garantiza la existencia en inventario y la disponibilidad inmediata de los metros requeridos para la ejecución del contrato, asegurando el suministro continuo ante la alta demanda del mercado | J88: NO
A91: ACREDITACIÓN DE CAPACIDAD TÉCNICA OPERATIVA Y DISPONIBILIDAD INMEDIATA DE PRODUCCIÓN
A93: ¿El proponente acreditó, bajo la gravedad de juramento, que cuenta con la infraestructura operativa necesaria (maquinaria, personal y planta física) para iniciar la confección una vez legalizado el contrato. Para tal efecto, deberá aportar UNA de las siguientes dos opciones documentales: A. SI ES FABRICANTE DIRECTO (Producción Propia): 1. Relación de Maquinaria: Listado de los equipos propios o arrendados disponibles para la ejecución del objeto contractual. 2. Certificación de Disponibilidad de Planta: Documento suscrito por el Representante Legal y/o Revisor Fiscal (si aplica), certificando que la empresa cuenta con capacidad de producción libre y no comprometida para asumir el volumen de este contrato de manera inmediata, sin afectar otros compromisos comerciales vigentes. B. SI REALIZA PROCESOS MEDIANTE TERCEROS (Maquila/Satélite): 1. Contrato o Convenio de Maquila: Copia del acuerdo comercial vigente suscrito con una planta de producción o taller industrial. 2. Relación de Maquinaria del Tercero: Listado de los equipos con los que cuenta la planta aliada. 3. Carta de Compromiso de Prioridad y Reserva de Cupo: Documento firmado por el propietario o representante legal de la planta de producción (taller satélite), en el cual manifieste expresamente que: *Conoce el objeto y los plazos del presente proceso de selección. *Garantiza la reserva de cupo de producción para los bienes de este contrato, otorgando prioridad operativa sobre otros pedidos de temporada, asegurando así la entrega oportuna a la Entidad. | J93: NO
A95: DOCUMENTO APORTADO
A96: ACEPTACIÓN DE CONDICIONES TÉCNICAS
A98: ¿El contratista aporto certificación en la cual maniefiesta conocer y aceptar las condiciones técnicas del proceso? | J98: SI
A100: DOCUMENTO APORTADO
A102: NOTAS DE LA EVALUACIÓN
A104: El proponente NO SUBSANÓ los requisitos solicitados en el informe de evaluación preliminar dentro del término otorgado. Por lo tanto, la oferta se declara RECHAZADA de conformidad con lo establecido en el pliego de condiciones y el Artículo 5 de la Ley 1150 de 2007, al no cumplir con los requisitos habilitantes de carácter técnico.
A108: REALIZADA EN BOGOTÁ D.C. A LOS 30 DÍAS DEL MES DE DICIEMBRE DE 2025
D111: RUBEN LEONARDO TARQUINO DÍAZ
D112: Referente seguridad FDLB

Sheet Proponente 2
F1: ALCALDÍA LOCAL DE BOSA EVALUACIÓN TÉCNICA DE PROPONENTES FDLBOSAMC 024-2025 (151104)
A6: IDENTIFICACIÓN DEL PROCESO
A8: PROCESO | C8: FDLBOSAMC 024-2025 (151104)
A9: OBJETO | C9: ADQUIRIR LOS ELEMENTOS DE VISIBILIZACIÓN, PROTECCIÓN Y AUTOCUIDADO PERSONAL PARA LA ATENCIÓN Y GESTIÓN DE MOVILIZACIONES Y DE ACCIONES DE CUIDADO EN EL ESPACIO PÚBLICO EN EL MARCO DE LOS PROYECTOS DE INVERSIÓN 2855
A12: PRESUPUESTO | C12: 45684757
A14: PRESUPUESTO EN SMLMV | C14: =C12/C15 -> 32.093261 | F14: RESULTADO EVALUACIÓN | H14: RECHAZADO
A15: SMLMV VIGENCIA 2025 | C15: 1423500
A17: IDENTIFICACIÓN DEL PROPONENTE
A19: RAZON SOCIAL | C19: COMERCIALIZADORA CAFE BOTERO S A S
A20: DOCUMENTO | C20: 900334037
A21: TIPO DE EMPRESA | C21: EMPRESA | D21: X | E21: MYPIMES | G21: MUJER
A22: SEGÚN EL REGSITRO MERCANTIL EL INSCRITO SE CLASIFICO COMO: | E22: PEQUEÑA EMPRESA
A24: RESUMEN DE LA EVALUACIÓN
A26: ÍTEM A EVALUAR | E26: CUMPLE | F26: NO CUMPLE | G26: OBSERVACIÓN
A27: EXPERIENCIA DEL PROPONENTE | E27: X
A28: VERIFICACIÓN DE CALIDAD DE MATERIAS PRIMAS, DISPONIBILIDAD | F28: X | G28: DENTRO DE LA SUBSANACIÓN NO SE ALLEGO FICHAS TÉCNICAS REQUERIDAS.
A29: ACREDITACIÓN DE CAPACIDAD TÉCNICA OPERATIVA Y DISPONIBILIDAD INMEDIATA DE PRODUCCIÓN | E29: X
A30: ACEPTACIÓN DE CONDICIONES TÉCNICAS | E30: X
A32: CRITERIOS DE EVALUACIÓN
A34: El Fondo de Desarrollo Local de Bosa se reserva la facultad de comprobarla autenticidad de los documentos aportados y se reserva el derecho de solicitar aclaraciones y/o soportes adicionales de la información que se anexe para acreditar la experiencia. Las certificaciones o actas de liquidación que contengan observaciones de insatisfacción en el contrato ejecutado o calificativos del servicio como regular o malo, no se tendrán en cuenta para la verificación de experiencia del proponente. Las certificaciones que no cumplan con la totalidad de los requisitos y condiciones exigidos para ellas en el presente proceso, no se anexen o no contengan la totalidad de la información solicitada, no se tendrán en cuenta para efecto de verificar la experiencia mínima del proponente. Nota 1: Para el efecto de traducir el valor del contrato en salarios mínimos mensuales legales vigentes, se tendrá en cuenta el valor del salario mínimo de la fecha de suscripción del contrato que se pretenda acreditar. Nota 2: Para los contratos en los que se pretenda acreditar experiencia con entidades privadas se debe entregar mínimo tres de los siguientes documentos: -Copia del contrato. - Acta de liquidación -Informe de actividades o ejecución. -Anexo Técnico u orden de compra. Si en un mismo documento se presenta la acreditación de la experiencia en más de un contrato, se tomará cada contrato como una (1) certificación de experiencia.
A46: EVALUACIÓN DE EXPERIENCIA
A48: RESUMEN DE LA EVALUACIÓN
A50: No. ORDEN | B50: No. CTO | C50: VALOR | E50: AÑO INICIO | F50: % PARTICIPACIÓN | G50: VALOR EXPERIENCIA | I50: SMLMV AÑO INICIO | J50: EXPERIENCIA EN SMLMV
A51: 1 | B51: 017 de 2025 | C51: 37657550 | E51: 2025 | F51: 1 | G51: =C51/1 -> 37657550 | I51: =VLOOKUP(E51, Hoja7!$A$2:$B$22, 2, FALSE) -> 1423500 | J51: =G51/I51 -> 26.454197
A52: 2 | B52: 0344 de 2023 | C52: 15655640 | E52: 2023 | F52: 1 | G52: =C52/1 -> 15655640 | I52: =VLOOKUP(E52, Hoja7!$A$2:$B$22, 2, FALSE) -> 1160000 | J52: =G52/I52 -> 13.496241
E53: TOTAL DE EXPERIENCIA APORTADA | J53: =SUM(J51:J52) -> 39.950439
E54: TOTAL EXPERIENCIA REQUERIDA | J54: =C14 -> 32.093261
E55: HABILITACIÓN POR EXPERIENCIA (SI O NO) | J55: SI
A56: EXPERIENCIA APORTADA
A58: CONTRATO 1.
A59: N° EXPERIENCIA | C59: 1 | D59: ¿EL OBJETO Y EL O LOS CÓDIGOS UNSPSC SE AJUSTAN AL PLIEGO?
A60: NÚMERO DE CONTRATO | C60: =B51 -> 017 de 2025 | G60: INICIO | I60: FIN
A61: OBJETO | C61: "COMPRAVENTA DE ELEMENTOS PARA LA IMAGEN INSTITUCIONAL Y DESARROLLO DE ACTIVIDADES DEL EQUIPO DE GESTORES DE CONVIVENCIA DE LA SECRETARÍA DE SEGURIDAD Y CONVIVENCIA CIUDADANA EN EL MUNICJPIO DE MOSQUERA Y COMPRAVENTA DE ELEMENTOS DISTINTIVOS PARA LOS FRENTES DE SEGURIDAD"
A64: CONTRATANTE | C64: ALCALDIA MUNICIPAL DE MOSQUERA
A65: VALOR DEL CONTRATO | C65: =C51 -> 37657550 | E65: SMLMV DE AÑO DE INICIO | G65: =I51 -> 1423500
D66: VALOR CONTRATO EN SMLMV CÁLCULO FDLB AÑO INICIO | F66: =C65/G65 -> 26.454197
A68: PORCENTAJE DE PARTICIPACIÓN EN EL VALOR EJECUTADO EN CASO DE CONSORCIOS Y UNIONES TEMPORALES
A69: OBSERVACIONES | C69: NO
A71: CONTRATO 2.
A72: N° EXPERIENCIA | C72: 2 | D72: ¿EL OBJETO Y EL O LOS CÓDIGOS UNSPSC SE AJUSTAN AL PLIEGO?
A73: NÚMERO DE CONTRATO | C73: =B52 -> 0344 de 2023 | G73: INICIO | I73: FIN
A74: OBJETO | C74: "ADQUISICION DE DOTACION PARA LOS GRUPOS OPERATIVOS DE LAS AREAS DE LA UNIDAD ADMINISTRATIVA ESPECIAL DE IMPUESTOS, RENTAS Y GESTION TRIBUTARIA DEL DEPARTAMENTO DEL VALLE DEL CAUCA"
A77: CONTRATANTE
A78: VALOR DEL CONTRATO | C78: =C52 -> 15655640 | E78: SMLMV DE AÑO DE INICIO | G78: =I52 -> 1160000
D79: VALOR CONTRATO EN SMLMV CÁLCULO FDLB AÑO INICIO | F79: =C78/G78 -> 13.496241
A81: PORCENTAJE DE PARTICIPACIÓN EN EL VALOR EJECUTADO EN CASO DE CONSORCIOS Y UNIONES TEMPORALES
A82: OBSERVACIONES | C82: No
A84: REQUISITOS HABILITANTES TÉCNICOS
A86: VERIFICACIÓN DE CALIDAD DE MATERIAS PRIMAS, DISPONIBILIDAD
A88: ¿El proponente aportó Ficha Técnica de la tela propuesta y una Certificación emitida por el Fabricante de la misma o distribuidor mayorista (autorizado), en la cual conste expresamente que La materia prima cumple con la composición, gramaje, solidez y normas técnicas descritas en el Anexo Técnico de este proceso. Se garantiza la existencia en inventario y la disponibilidad inmediata de los metros requeridos para la ejecución del contrato, asegurando el suministro continuo ante la alta demanda del mercado | J88: NO
A91: ACREDITACIÓN DE CAPACIDAD TÉCNICA OPERATIVA Y DISPONIBILIDAD INMEDIATA DE PRODUCCIÓN
A93: ¿El proponente acreditó, bajo la gravedad de juramento, que cuenta con la infraestructura operativa necesaria (maquinaria, personal y planta física) para iniciar la confección una vez legalizado el contrato. Para tal efecto, deberá aportar UNA de las siguientes dos opciones documentales: A. SI ES FABRICANTE DIRECTO (Producción Propia): 1. Relación de Maquinaria: Listado de los equipos propios o arrendados disponibles para la ejecución del objeto contractual. 2. Certificación de Disponibilidad de Planta: Documento suscrito por el Representante Legal y/o Revisor Fiscal (si aplica), certificando que la empresa cuenta con capacidad de producción libre y no comprometida para asumir el volumen de este contrato de manera inmediata, sin afectar otros compromisos comerciales vigentes. B. SI REALIZA PROCESOS MEDIANTE TERCEROS (Maquila/Satélite): 1. Contrato o Convenio de Maquila: Copia del acuerdo comercial vigente suscrito con una planta de producción o taller industrial. 2. Relación de Maquinaria del Tercero: Listado de los equipos con los que cuenta la planta aliada. 3. Carta de Compromiso de Prioridad y Reserva de Cupo: Documento firmado por el propietario o representante legal de la planta de producción (taller satélite), en el cual manifieste expresamente que: *Conoce el objeto y los plazos del presente proceso de selección. *Garantiza la reserva de cupo de producción para los bienes de este contrato, otorgando prioridad operativa sobre otros pedidos de temporada, asegurando así la entrega oportuna a la Entidad. | J93: SI
A95: DOCUMENTO APORTADO
A96: ACEPTACIÓN DE CONDICIONES TÉCNICAS
A98: ¿El contratista aporto certificación en la cual maniefiesta conocer y aceptar las condiciones técnicas del proceso? | J98: SI
A100: DOCUMENTO APORTADO
A102: NOTAS DE LA EVALUACIÓN
A104: El proponente no subsanó los requisitos técnicos exigidos en el Anexo Técnico y solicitados en el Informe de Evaluación Preliminar. Al no aportar la documentación que acredita las especificaciones técnicas/materias primas en el término otorgado, la oferta se declara RECHAZADA de plano, por ser un requisito habilitante insubsanable una vez vencido el plazo (Art. 5 Ley 1150 de 2007).
A108: REALIZADA EN BOGOTÁ D.C. A LOS 30 DÍAS DEL MES DE DICIEMBRE DE 2025
D111: RUBEN LEONARDO TARQUINO DÍAZ
D112: Referente seguridad FDLB

Sheet Proponente 3
F1: ALCALDÍA LOCAL DE BOSA EVALUACIÓN TÉCNICA DE PROPONENTES FDLBOSAMC 024-2025 (151104)
A6: IDENTIFICACIÓN DEL PROCESO
A8: PROCESO | C8: FDLBOSAMC 024-2025 (151104)
A9: OBJETO | C9: ADQUIRIR LOS ELEMENTOS DE VISIBILIZACIÓN, PROTECCIÓN Y AUTOCUIDADO PERSONAL PARA LA ATENCIÓN Y GESTIÓN DE MOVILIZACIONES Y DE ACCIONES DE CUIDADO EN EL ESPACIO PÚBLICO EN EL MARCO DE LOS PROYECTOS DE INVERSIÓN 2855
A12: PRESUPUESTO | C12: 45684757
A14: PRESUPUESTO EN SMLMV | C14: =C12/C15 -> 32.093261 | F14: RESULTADO EVALUACIÓN | H14: RECHAZADO
A15: SMLMV VIGENCIA 2025 | C15: 1423500
A17: IDENTIFICACIÓN DEL PROPONENTE
A19: RAZON SOCIAL | C19: TECNOSOLUCIONES A&K SAS
A20: DOCUMENTO | C20: 901345795
A21: TIPO DE EMPRESA | C21: EMPRESA | E21: MYPIMES | F21: X | G21: MUJER
A22: SEGÚN EL REGSITRO MERCANTIL EL INSCRITO SE CLASIFICO COMO: | E22: MYPIMES
A24: RESUMEN DE LA EVALUACIÓN
A26: ÍTEM A EVALUAR | E26: CUMPLE | F26: NO CUMPLE | G26: OBSERVACIÓN
A27: EXPERIENCIA DEL PROPONENTE | F27: X | G27: SOLO SE ADJUNTA UNA (01) CERTIFICACION.
A28: VERIFICACIÓN DE CALIDAD DE MATERIAS PRIMAS, DISPONIBILIDAD | F28: X | G28: NO ADJUNTA DOCUMENTO
A29: ACREDITACIÓN DE CAPACIDAD TÉCNICA OPERATIVA Y DISPONIBILIDAD INMEDIATA DE PRODUCCIÓN | F29: X | G29: NO ADJUNTA DOCUMENTO
A30: ACEPTACIÓN DE CONDICIONES TÉCNICAS | E30: X
A32: CRITERIOS DE EVALUACIÓN
A34: El Fondo de Desarrollo Local de Bosa se reserva la facultad de comprobarla autenticidad de los documentos aportados y se reserva el derecho de solicitar aclaraciones y/o soportes adicionales de la información que se anexe para acreditar la experiencia. Las certificaciones o actas de liquidación que contengan observaciones de insatisfacción en el contrato ejecutado o calificativos del servicio como regular o malo, no se tendrán en cuenta para la verificación de experiencia del proponente. Las certificaciones que no cumplan con la totalidad de los requisitos y condiciones exigidos para ellas en el presente proceso, no se anexen o no contengan la totalidad de la información solicitada, no se tendrán en cuenta para efecto de verificar la experiencia mínima del proponente. Nota 1: Para el efecto de traducir el valor del contrato en salarios mínimos mensuales legales vigentes, se tendrá en cuenta el valor del salario mínimo de la fecha de suscripción del contrato que se pretenda acreditar. Nota 2: Para los contratos en los que se pretenda acreditar experiencia con entidades privadas se debe entregar mínimo tres de los siguientes documentos: -Copia del contrato. - Acta de liquidación -Informe de actividades o ejecución. -Anexo Técnico u orden de compra. Si en un mismo documento se presenta la acreditación de la experiencia en más de un contrato, se tomará cada contrato como una (1) certificación de experiencia.
A46: EVALUACIÓN DE EXPERIENCIA
A48: RESUMEN DE LA EVALUACIÓN
A50: No. ORDEN | B50: No. CTO | C50: VALOR | E50: AÑO INICIO | F50: % PARTICIPACIÓN | G50: VALOR EXPERIENCIA | I50: SMLMV AÑO INICIO | J50: EXPERIENCIA EN SMLMV
A51: 1 | B51: 29221-20 | C51: 98000000 | E51: 2020 | F51: 1 | G51: =C51/1 -> 98000000 | I51: =VLOOKUP(E51, Hoja7!$A$2:$B$22, 2, FALSE) -> 877803 | J51: =G51/I51 -> 111.64236
A52: 2 | C52: 0 | E52: 0 | F52: 1 | G52: =C52/1 -> 0
E53: TOTAL DE EXPERIENCIA APORTADA | J53: =SUM(J51:J52) -> 111.64236
E54: TOTAL EXPERIENCIA REQUERIDA | J54: =C14 -> 32.093261
E55: HABILITACIÓN POR EXPERIENCIA (SI O NO) | J55: NO
A56: EXPERIENCIA APORTADA
A58: CONTRATO 1.
A59: N° EXPERIENCIA | C59: 1 | D59: ¿EL OBJETO Y EL O LOS CÓDIGOS UNSPSC SE AJUSTAN AL PLIEGO?
A60: NÚMERO DE CONTRATO | C60: =B51 -> 29221-20 | G60: INICIO | H60: 43844 | I60: FIN | J60: 43936
A61: OBJETO | C61: "SUMINISTRO DE ELEMENTOS DE PROTECCIÓN PERSONAL Y DE EMERGENCIA, PARA PROYECTO EN LA CIUDAD DE CARTAGENA."
A64: CONTRATANTE | C64: SOLUCIONES INTEGRALES B&V S.A.S.
A65: VALOR DEL CONTRATO | C65: =C51 -> 98000000 | E65: SMLMV DE AÑO DE INICIO | G65: =I51 -> 877803
D66: VALOR CONTRATO EN SMLMV CÁLCULO FDLB AÑO INICIO | F66: =C65/G65 -> 111.64236
A68: PORCENTAJE DE PARTICIPACIÓN EN EL VALOR EJECUTADO EN CASO DE CONSORCIOS Y UNIONES TEMPORALES
A69: OBSERVACIONES | C69: NO
A71: CONTRATO 2.
A72: N° EXPERIENCIA | C72: 2 | D72: ¿EL OBJETO Y EL O LOS CÓDIGOS UNSPSC SE AJUSTAN AL PLIEGO?
A73: NÚMERO DE CONTRATO | C73: =B52 -> 0 | G73: INICIO | I73: FIN
A74: OBJETO
A77: CONTRATANTE
A78: VALOR DEL CONTRATO | C78: =C52 -> 0 | E78: SMLMV DE AÑO DE INICIO | G78: =I52 -> 0
D79: VALOR CONTRATO EN SMLMV CÁLCULO FDLB AÑO INICIO
A81: PORCENTAJE DE PARTICIPACIÓN EN EL VALOR EJECUTADO EN CASO DE CONSORCIOS Y UNIONES TEMPORALES
A82: OBSERVACIONES | C82: NO ADJUNTA CERTIFICACIÓN
A84: REQUISITOS HABILITANTES TÉCNICOS
A86: VERIFICACIÓN DE CALIDAD DE MATERIAS PRIMAS, DISPONIBILIDAD
A88: ¿El proponente aportó Ficha Técnica de la tela propuesta y una Certificación emitida por el Fabricante de la misma o distribuidor mayorista (autorizado), en la cual conste expresamente que La materia prima cumple con la composición, gramaje, solidez y normas técnicas descritas en el Anexo Técnico de este proceso. Se garantiza la existencia en inventario y la disponibilidad inmediata de los metros requeridos para la ejecución del contrato, asegurando el suministro continuo ante la alta demanda del mercado | J88: NO
A91: ACREDITACIÓN DE CAPACIDAD TÉCNICA OPERATIVA Y DISPONIBILIDAD INMEDIATA DE PRODUCCIÓN
A93: ¿El proponente acreditó, bajo la gravedad de juramento, que cuenta con la infraestructura operativa necesaria (maquinaria, personal y planta física) para iniciar la confección una vez legalizado el contrato. Para tal efecto, deberá aportar UNA de las siguientes dos opciones documentales: A. SI ES FABRICANTE DIRECTO (Producción Propia): 1. Relación de Maquinaria: Listado de los equipos propios o arrendados disponibles para la ejecución del objeto contractual. 2. Certificación de Disponibilidad de Planta: Documento suscrito por el Representante Legal y/o Revisor Fiscal (si aplica), certificando que la empresa cuenta con capacidad de producción libre y no comprometida para asumir el volumen de este contrato de manera inmediata, sin afectar otros compromisos comerciales vigentes. B. SI REALIZA PROCESOS MEDIANTE TERCEROS (Maquila/Satélite): 1. Contrato o Convenio de Maquila: Copia del acuerdo comercial vigente suscrito con una planta de producción o taller industrial. 2. Relación de Maquinaria del Tercero: Listado de los equipos con los que cuenta la planta aliada. 3. Carta de Compromiso de Prioridad y Reserva de Cupo: Documento firmado por el propietario o representante legal de la planta de producción (taller satélite), en el cual manifieste expresamente que: *Conoce el objeto y los plazos del presente proceso de selección. *Garantiza la reserva de cupo de producción para los bienes de este contrato, otorgando prioridad operativa sobre otros pedidos de temporada, asegurando así la entrega oportuna a la Entidad. | J93: NO
A95: DOCUMENTO APORTADO
A96: ACEPTACIÓN DE CONDICIONES TÉCNICAS
A98: ¿El contratista aporto certificación en la cual maniefiesta conocer y aceptar las condiciones técnicas del proceso? | J98: SI
A100: DOCUMENTO APORTADO
A102: NOTAS DE LA EVALUACIÓN
A104: El proponente NO SUBSANÓ los requisitos solicitados en el informe de evaluación preliminar dentro del término otorgado. Por lo tanto, la oferta se declara RECHAZADA de conformidad con lo establecido en el pliego de condiciones y el Artículo 5 de la Ley 1150 de 2007, al no cumplir con los requisitos habilitantes de carácter técnico.
A108: REALIZADA EN BOGOTÁ D.C. A LOS 30 DÍAS DEL MES DE DICIEMBRE DE 2025
D111: RUBEN LEONARDO TARQUINO DÍAZ
D112: Referente seguridad FDLB

Sheet Proponente 4
F1: ALCALDÍA LOCAL DE BOSA EVALUACIÓN TÉCNICA DE PROPONENTES FDLBOSAMC 024-2025 (151104)
A6: IDENTIFICACIÓN DEL PROCESO
A8: PROCESO | C8: FDLBOSAMC 024-2025 (151104)
A9: OBJETO | C9: ADQUIRIR LOS ELEMENTOS DE VISIBILIZACIÓN, PROTECCIÓN Y AUTOCUIDADO PERSONAL PARA LA ATENCIÓN Y GESTIÓN DE MOVILIZACIONES Y DE ACCIONES DE CUIDADO EN EL ESPACIO PÚBLICO EN EL MARCO DE LOS PROYECTOS DE INVERSIÓN 2855
A12: PRESUPUESTO | C12: 45684757
A14: PRESUPUESTO EN SMLMV | C14: =C12/C15 -> 32.093261 | F14: RESULTADO EVALUACIÓN | H14: RECHAZADO
A15: SMLMV VIGENCIA 2025 | C15: 1423500
A17: IDENTIFICACIÓN DEL PROPONENTE
A19: RAZON SOCIAL | C19: DISTRIBUCIONES EYG S.A.S
A20: DOCUMENTO | C20: 900784483
A21: TIPO DE EMPRESA | C21: EMPRESA | D21: X | E21: MYPIMES | G21: MUJER
A22: SEGÚN EL REGSITRO MERCANTIL EL INSCRITO SE CLASIFICO COMO: | E22: PEQUEÑA
A24: RESUMEN DE LA EVALUACIÓN
A26: ÍTEM A EVALUAR | E26: CUMPLE | F26: NO CUMPLE | G26: OBSERVACIÓN
A27: EXPERIENCIA DEL PROPONENTE | F27: X | G27: SE ADJUNTA FORMATO Y NO CERTIFICACIONES
A28: VERIFICACIÓN DE CALIDAD DE MATERIAS PRIMAS, DISPONIBILIDAD | F28: X | G28: EL DOCUMENTO ADJUNTO PRESENTA FALLAS Y NO ES POSIBLE SU APERTURA
A29: ACREDITACIÓN DE CAPACIDAD TÉCNICA OPERATIVA Y DISPONIBILIDAD INMEDIATA DE PRODUCCIÓN | F29: X | G29: EL DOCUMENTO ADJUNTO PRESENTA FALLAS Y NO ES POSIBLE SU APERTURA
A30: ACEPTACIÓN DE CONDICIONES TÉCNICAS | E30: X
A32: CRITERIOS DE EVALUACIÓN
A34: El Fondo de Desarrollo Local de Bosa se reserva la facultad de comprobarla autenticidad de los documentos aportados y se reserva el derecho de solicitar aclaraciones y/o soportes adicionales de la información que se anexe para acreditar la experiencia. Las certificaciones o actas de liquidación que contengan observaciones de insatisfacción en el contrato ejecutado o calificativos del servicio como regular o malo, no se tendrán en cuenta para la verificación de experiencia del proponente. Las certificaciones que no cumplan con la totalidad de los requisitos y condiciones exigidos para ellas en el presente proceso, no se anexen o no contengan la totalidad de la información solicitada, no se tendrán en cuenta para efecto de verificar la experiencia mínima del proponente. Nota 1: Para el efecto de traducir el valor del contrato en salarios mínimos mensuales legales vigentes, se tendrá en cuenta el valor del salario mínimo de la fecha de suscripción del contrato que se pretenda acreditar. Nota 2: Para los contratos en los que se pretenda acreditar experiencia con entidades privadas se debe entregar mínimo tres de los siguientes documentos: -Copia del contrato. - Acta de liquidación -Informe de actividades o ejecución. -Anexo Técnico u orden de compra. Si en un mismo documento se presenta la acreditación de la experiencia en más de un contrato, se tomará cada contrato como una (1) certificación de experiencia.
A46: EVALUACIÓN DE EXPERIENCIA
A48: RESUMEN DE LA EVALUACIÓN
A50: No. ORDEN | B50: No. CTO | C50: VALOR | E50: AÑO INICIO | F50: % PARTICIPACIÓN | G50: VALOR EXPERIENCIA | I50: SMLMV AÑO INICIO | J50: EXPERIENCIA EN SMLMV
A51: 1 | C51: 0 | E51: 0 | F51: 1 | G51: =C51/1 -> 0
A52: 2 | C52: 0 | E52: 0 | F52: 1 | G52: =C52/1 -> 0
E53: TOTAL DE EXPERIENCIA APORTADA | J53: =SUM(J51:J52) -> 0
E54: TOTAL EXPERIENCIA REQUERIDA | J54: =C14 -> 32.093261
E55: HABILITACIÓN POR EXPERIENCIA (SI O NO) | J55: NO
A56: EXPERIENCIA APORTADA
A58: CONTRATO 1.
A59: N° EXPERIENCIA | C59: 1 | D59: ¿EL OBJETO Y EL O LOS CÓDIGOS UNSPSC SE AJUSTAN AL PLIEGO?
A60: NÚMERO DE CONTRATO | C60: =B51 -> 0 | G60: INICIO | I60: FIN
A61: OBJETO
A64: CONTRATANTE
A65: VALOR DEL CONTRATO | C65: =C51 -> 0 | E65: SMLMV DE AÑO DE INICIO | G65: =I51 -> 0
D66: VALOR CONTRATO EN SMLMV CÁLCULO FDLB AÑO INICIO
A68: PORCENTAJE DE PARTICIPACIÓN EN EL VALOR EJECUTADO EN CASO DE CONSORCIOS Y UNIONES TEMPORALES
A69: OBSERVACIONES | C69: NO ADJUNTO CERTIFICACION
A71: CONTRATO 2.
A72: N° EXPERIENCIA | C72: 2 | D72: ¿EL OBJETO Y EL O LOS CÓDIGOS UNSPSC SE AJUSTAN AL PLIEGO?
A73: NÚMERO DE CONTRATO | C73: =B52 -> 0 | G73: INICIO | I73: FIN
A74: OBJETO
A77: CONTRATANTE
A78: VALOR DEL CONTRATO | C78: =C52 -> 0 | E78: SMLMV DE AÑO DE INICIO | G78: =I52 -> 0
D79: VALOR CONTRATO EN SMLMV CÁLCULO FDLB AÑO INICIO | F79: =C78/G78 -> #DIV/0!
A81: PORCENTAJE DE PARTICIPACIÓN EN EL VALOR EJECUTADO EN CASO DE CONSORCIOS Y UNIONES TEMPORALES
A82: OBSERVACIONES | C82: NO ADJUNTO CERTIFICACION
A84: REQUISITOS HABILITANTES TÉCNICOS
A86: VERIFICACIÓN DE CALIDAD DE MATERIAS PRIMAS, DISPONIBILIDAD
A88: ¿El proponente aportó Ficha Técnica de la tela propuesta y una Certificación emitida por el Fabricante de la misma o distribuidor mayorista (autorizado), en la cual conste expresamente que La materia prima cumple con la composición, gramaje, solidez y normas técnicas descritas en el Anexo Técnico de este proceso. Se garantiza la existencia en inventario y la disponibilidad inmediata de los metros requeridos para la ejecución del contrato, asegurando el suministro continuo ante la alta demanda del mercado | J88: NO
A91: ACREDITACIÓN DE CAPACIDAD TÉCNICA OPERATIVA Y DISPONIBILIDAD INMEDIATA DE PRODUCCIÓN
A93: ¿El proponente acreditó, bajo la gravedad de juramento, que cuenta con la infraestructura operativa necesaria (maquinaria, personal y planta física) para iniciar la confección una vez legalizado el contrato. Para tal efecto, deberá aportar UNA de las siguientes dos opciones documentales: A. SI ES FABRICANTE DIRECTO (Producción Propia): 1. Relación de Maquinaria: Listado de los equipos propios o arrendados disponibles para la ejecución del objeto contractual. 2. Certificación de Disponibilidad de Planta: Documento suscrito por el Representante Legal y/o Revisor Fiscal (si aplica), certificando que la empresa cuenta con capacidad de producción libre y no comprometida para asumir el volumen de este contrato de manera inmediata, sin afectar otros compromisos comerciales vigentes. B. SI REALIZA PROCESOS MEDIANTE TERCEROS (Maquila/Satélite): 1. Contrato o Convenio de Maquila: Copia del acuerdo comercial vigente suscrito con una planta de producción o taller industrial. 2. Relación de Maquinaria del Tercero: Listado de los equipos con los que cuenta la planta aliada. 3. Carta de Compromiso de Prioridad y Reserva de Cupo: Documento firmado por el propietario o representante legal de la planta de producción (taller satélite), en el cual manifieste expresamente que: *Conoce el objeto y los plazos del presente proceso de selección. *Garantiza la reserva de cupo de producción para los bienes de este contrato, otorgando prioridad operativa sobre otros pedidos de temporada, asegurando así la entrega oportuna a la Entidad. | J93: NO
A95: DOCUMENTO APORTADO
A96: ACEPTACIÓN DE CONDICIONES TÉCNICAS
A98: ¿El contratista aporto certificación en la cual maniefiesta conocer y aceptar las condiciones técnicas del proceso? | J98: SI
A100: DOCUMENTO APORTADO
A102: NOTAS DE LA EVALUACIÓN
A104: El proponente NO SUBSANÓ los requisitos solicitados en el informe de evaluación preliminar dentro del término otorgado. Por lo tanto, la oferta se declara RECHAZADA de conformidad con lo establecido en el pliego de condiciones y el Artículo 5 de la Ley 1150 de 2007, al no cumplir con los requisitos habilitantes de carácter técnico.
A108: REALIZADA EN BOGOTÁ D.C. A LOS 30 DÍAS DEL MES DE DICIEMBRE DE 2025
D111: RUBEN LEONARDO TARQUINO DÍAZ
D112: Referente seguridad FDLB

Sheet Proponente 5
F1: ALCALDÍA LOCAL DE BOSA EVALUACIÓN TÉCNICA DE PROPONENTES FDLBOSAMC 024-2025 (151104)
A6: IDENTIFICACIÓN DEL PROCESO
A8: PROCESO | C8: FDLBOSAMC 024-2025 (151104)
A9: OBJETO | C9: ADQUIRIR LOS ELEMENTOS DE VISIBILIZACIÓN, PROTECCIÓN Y AUTOCUIDADO PERSONAL PARA LA ATENCIÓN Y GESTIÓN DE MOVILIZACIONES Y DE ACCIONES DE CUIDADO EN EL ESPACIO PÚBLICO EN EL MARCO DE LOS PROYECTOS DE INVERSIÓN 2855
A12: PRESUPUESTO | C12: 45684757
A14: PRESUPUESTO EN SMLMV | C14: =C12/C15 -> 32.093261 | F14: RESULTADO EVALUACIÓN | H14: RECHAZADO
A15: SMLMV VIGENCIA 2025 | C15: 1423500
A17: IDENTIFICACIÓN DEL PROPONENTE
A19: RAZON SOCIAL | C19: CREACIONES BAGS STAR S.A.S
A20: DOCUMENTO | C20: 900416534
A21: TIPO DE EMPRESA | C21: EMPRESA | D21: X | E21: MYPIMES | G21: MUJER
A22: SEGÚN EL REGSITRO MERCANTIL EL INSCRITO SE CLASIFICO COMO: | E22: PEQUEÑA
A24: RESUMEN DE LA EVALUACIÓN
A26: ÍTEM A EVALUAR | E26: CUMPLE | F26: NO CUMPLE | G26: OBSERVACIÓN
A27: EXPERIENCIA DEL PROPONENTE | F27: X | G27: ADJUNTA UNA (01) CERTIFICACION.
A28: VERIFICACIÓN DE CALIDAD DE MATERIAS PRIMAS, DISPONIBILIDAD | F28: X | G28: DOCUMENTO ADJUNTO PRESENTA ERROR
A29: ACREDITACIÓN DE CAPACIDAD TÉCNICA OPERATIVA Y DISPONIBILIDAD INMEDIATA DE PRODUCCIÓN | F29: X | G29: DOCUMENTO ADJUNTO PRESENTA ERROR
A30: ACEPTACIÓN DE CONDICIONES TÉCNICAS | E30: X
A32: CRITERIOS DE EVALUACIÓN
A34: El Fondo de Desarrollo Local de Bosa se reserva la facultad de comprobarla autenticidad de los documentos aportados y se reserva el derecho de solicitar aclaraciones y/o soportes adicionales de la información que se anexe para acreditar la experiencia. Las certificaciones o actas de liquidación que contengan observaciones de insatisfacción en el contrato ejecutado o calificativos del servicio como regular o malo, no se tendrán en cuenta para la verificación de experiencia del proponente. Las certificaciones que no cumplan con la totalidad de los requisitos y condiciones exigidos para ellas en el presente proceso, no se anexen o no contengan la totalidad de la información solicitada, no se tendrán en cuenta para efecto de verificar la experiencia mínima del proponente. Nota 1: Para el efecto de traducir el valor del contrato en salarios mínimos mensuales legales vigentes, se tendrá en cuenta el valor del salario mínimo de la fecha de suscripción del contrato que se pretenda acreditar. Nota 2: Para los contratos en los que se pretenda acreditar experiencia con entidades privadas se debe entregar mínimo tres de los siguientes documentos: -Copia del contrato. - Acta de liquidación -Informe de actividades o ejecución. -Anexo Técnico u orden de compra. Si en un mismo documento se presenta la acreditación de la experiencia en más de un contrato, se tomará cada contrato como una (1) certificación de experiencia.
A46: EVALUACIÓN DE EXPERIENCIA
A48: RESUMEN DE LA EVALUACIÓN
A50: No. ORDEN | B50: No. CTO | C50: VALOR | E50: AÑO INICIO | F50: % PARTICIPACIÓN | G50: VALOR EXPERIENCIA | I50: SMLMV AÑO INICIO | J50: EXPERIENCIA EN SMLMV
A51: 1 | B51: 2017633 | C51: 38808000 | E51: 2017 | F51: 1 | G51: =C51/1 -> 38808000 | I51: =VLOOKUP(E51,Hoja7!$A$2:$B$22,2,FALSE) -> 737717 | J51: =G51/I51 -> 52.605538
A52: 2 | C52: 0 | E52: 0 | F52: 1 | G52: =C52/1 -> 0
E53: TOTAL DE EXPERIENCIA APORTADA | J53: =SUM(J51:J52) -> 52.605538
E54: TOTAL EXPERIENCIA REQUERIDA | J54: =C14 -> 32.093261
E55: HABILITACIÓN POR EXPERIENCIA (SI O NO) | J55: NO
A56: EXPERIENCIA APORTADA
A58: CONTRATO 1.
A59: N° EXPERIENCIA | C59: 1 | D59: ¿EL OBJETO Y EL O LOS CÓDIGOS UNSPSC SE AJUSTAN AL PLIEGO?
A60: NÚMERO DE CONTRATO | C60: =B51 -> 2017633 | G60: INICIO | H60: 42940 | I60: FIN | J60: 43089
A61: OBJETO | C61: "SUMINISTRO DE ELEMENTOS DE DOTACION, SEÑALIZACION Y ELEMENTOS DE PROTECCION PERSONAL PARA EL MANTEMIENTO DE LA MALLA VIAL Y CONSTRUCCION Y RECUPERACION DEL ESPACIO PUBLICO PARA MEJOR CALIDAD DE VIDA Y ESPACIO PUBLICO INCLUYENTE"
A64: CONTRATANTE | C64: MUNICIPIO DE SOGAMOSO
A65: VALOR DEL CONTRATO | C65: =C51 -> 38808000 | E65: SMLMV DE AÑO DE INICIO | G65: =I51 -> 737717
D66: VALOR CONTRATO EN SMLMV CÁLCULO FDLB AÑO INICIO | F66: =C65/G65 -> 52.605538
A68: PORCENTAJE DE PARTICIPACIÓN EN EL VALOR EJECUTADO EN CASO DE CONSORCIOS Y UNIONES TEMPORALES
A69: OBSERVACIONES | C69: No
A71: CONTRATO 2.
A72: N° EXPERIENCIA | C72: 2 | D72: ¿EL OBJETO Y EL O LOS CÓDIGOS UNSPSC SE AJUSTAN AL PLIEGO?
A73: NÚMERO DE CONTRATO | C73: =B52 -> 0 | G73: INICIO | I73: FIN
A74: OBJETO
A77: CONTRATANTE
A78: VALOR DEL CONTRATO | C78: =C52 -> 0 | E78: SMLMV DE AÑO DE INICIO | G78: =I52 -> 0
D79: VALOR CONTRATO EN SMLMV CÁLCULO FDLB AÑO INICIO
A81: PORCENTAJE DE PARTICIPACIÓN EN EL VALOR EJECUTADO EN CASO DE CONSORCIOS Y UNIONES TEMPORALES
A82: OBSERVACIONES | C82: No
A84: REQUISITOS HABILITANTES TÉCNICOS
A86: VERIFICACIÓN DE CALIDAD DE MATERIAS PRIMAS, DISPONIBILIDAD
A88: ¿El proponente aportó Ficha Técnica de la tela propuesta y una Certificación emitida por el Fabricante de la misma o distribuidor mayorista (autorizado), en la cual conste expresamente que La materia prima cumple con la composición, gramaje, solidez y normas técnicas descritas en el Anexo Técnico de este proceso. Se garantiza la existencia en inventario y la disponibilidad inmediata de los metros requeridos para la ejecución del contrato, asegurando el suministro continuo ante la alta demanda del mercado | J88: NO
A91: ACREDITACIÓN DE CAPACIDAD TÉCNICA OPERATIVA Y DISPONIBILIDAD INMEDIATA DE PRODUCCIÓN
A93: ¿El proponente acreditó, bajo la gravedad de juramento, que cuenta con la infraestructura operativa necesaria (maquinaria, personal y planta física) para iniciar la confección una vez legalizado el contrato. Para tal efecto, deberá aportar UNA de las siguientes dos opciones documentales: A. SI ES FABRICANTE DIRECTO (Producción Propia): 1. Relación de Maquinaria: Listado de los equipos propios o arrendados disponibles para la ejecución del objeto contractual. 2. Certificación de Disponibilidad de Planta: Documento suscrito por el Representante Legal y/o Revisor Fiscal (si aplica), certificando que la empresa cuenta con capacidad de producción libre y no comprometida para asumir el volumen de este contrato de manera inmediata, sin afectar otros compromisos comerciales vigentes. B. SI REALIZA PROCESOS MEDIANTE TERCEROS (Maquila/Satélite): 1. Contrato o Convenio de Maquila: Copia del acuerdo comercial vigente suscrito con una planta de producción o taller industrial. 2. Relación de Maquinaria del Tercero: Listado de los equipos con los que cuenta la planta aliada. 3. Carta de Compromiso de Prioridad y Reserva de Cupo: Documento firmado por el propietario o representante legal de la planta de producción (taller satélite), en el cual manifieste expresamente que: *Conoce el objeto y los plazos del presente proceso de selección. *Garantiza la reserva de cupo de producción para los bienes de este contrato, otorgando prioridad operativa sobre otros pedidos de temporada, asegurando así la entrega oportuna a la Entidad. | J93: NO
A95: DOCUMENTO APORTADO
A96: ACEPTACIÓN DE CONDICIONES TÉCNICAS
A98: ¿El contratista aporto certificación en la cual maniefiesta conocer y aceptar las condiciones técnicas del proceso? | J98: SI
A100: DOCUMENTO APORTADO
A102: NOTAS DE LA EVALUACIÓN
A104: El proponente NO SUBSANÓ los requisitos solicitados en el informe de evaluación preliminar dentro del término otorgado. Por lo tanto, la oferta se declara RECHAZADA de conformidad con lo establecido en el pliego de condiciones y el Artículo 5 de la Ley 1150 de 2007, al no cumplir con los requisitos habilitantes de carácter técnico.
A108: REALIZADA EN BOGOTÁ D.C. A LOS 30 DÍAS DEL MES DE DICIEMBRE DE 2025
D111: RUBEN LEONARDO TARQUINO DÍAZ
D112: Referente seguridad FDLB

Sheet Proponente 6
F1: ALCALDÍA LOCAL DE BOSA EVALUACIÓN TÉCNICA DE PROPONENTES FDLBOSAMC 024-2025 (151104)
A6: IDENTIFICACIÓN DEL PROCESO
A8: PROCESO | C8: FDLBOSAMC 024-2025 (151104)
A9: OBJETO | C9: ADQUIRIR LOS ELEMENTOS DE VISIBILIZACIÓN, PROTECCIÓN Y AUTOCUIDADO PERSONAL PARA LA ATENCIÓN Y GESTIÓN DE MOVILIZACIONES Y DE ACCIONES DE CUIDADO EN EL ESPACIO PÚBLICO EN EL MARCO DE LOS PROYECTOS DE INVERSIÓN 2855
A12: PRESUPUESTO | C12: 45684757
A14: PRESUPUESTO EN SMLMV | C14: =C12/C15 -> 32.093261 | F14: RESULTADO EVALUACIÓN | H14: HABILITADO
A15: SMLMV VIGENCIA 2025 | C15: 1423500
A17: IDENTIFICACIÓN DEL PROPONENTE
A19: RAZON SOCIAL | C19: MOLINA RUBIO MAIRA KATERIN
A20: DOCUMENTO | C20: 1023362964
A21: TIPO DE EMPRESA | C21: EMPRESA | E21: MYPIMES | F21: X | G21: MUJER
A22: SEGÚN EL REGSITRO MERCANTIL EL INSCRITO SE CLASIFICO COMO: | E22: PERSONA NATURAL CON REGISTRO MERCANTIL.
A24: RESUMEN DE LA EVALUACIÓN
A26: ÍTEM A EVALUAR | E26: CUMPLE | F26: NO CUMPLE | G26: OBSERVACIÓN
A27: EXPERIENCIA DEL PROPONENTE | E27: X
A28: VERIFICACIÓN DE CALIDAD DE MATERIAS PRIMAS, DISPONIBILIDAD | E28: X
A29: ACREDITACIÓN DE CAPACIDAD TÉCNICA OPERATIVA Y DISPONIBILIDAD INMEDIATA DE PRODUCCIÓN | E29: X
A30: ACEPTACIÓN DE CONDICIONES TÉCNICAS | E30: X
A32: CRITERIOS DE EVALUACIÓN
A34: El Fondo de Desarrollo Local de Bosa se reserva la facultad de comprobarla autenticidad de los documentos aportados y se reserva el derecho de solicitar aclaraciones y/o soportes adicionales de la información que se anexe para acreditar la experiencia. Las certificaciones o actas de liquidación que contengan observaciones de insatisfacción en el contrato ejecutado o calificativos del servicio como regular o malo, no se tendrán en cuenta para la verificación de experiencia del proponente. Las certificaciones que no cumplan con la totalidad de los requisitos y condiciones exigidos para ellas en el presente proceso, no se anexen o no contengan la totalidad de la información solicitada, no se tendrán en cuenta para efecto de verificar la experiencia mínima del proponente. Nota 1: Para el efecto de traducir el valor del contrato en salarios mínimos mensuales legales vigentes, se tendrá en cuenta el valor del salario mínimo de la fecha de suscripción del contrato que se pretenda acreditar. Nota 2: Para los contratos en los que se pretenda acreditar experiencia con entidades privadas se debe entregar mínimo tres de los siguientes documentos: -Copia del contrato. - Acta de liquidación -Informe de actividades o ejecución. -Anexo Técnico u orden de compra. Si en un mismo documento se presenta la acreditación de la experiencia en más de un contrato, se tomará cada contrato como una (1) certificación de experiencia.
A46: EVALUACIÓN DE EXPERIENCIA
A48: RESUMEN DE LA EVALUACIÓN
A50: No. ORDEN | B50: No. CTO | C50: VALOR | E50: AÑO INICIO | F50: % PARTICIPACIÓN | G50: VALOR EXPERIENCIA | I50: SMLMV AÑO INICIO | J50: EXPERIENCIA EN SMLMV
A51: 1 | B51: 1 | C51: 57000000 | E51: 2024 | F51: 1 | G51: =C51/1 -> 57000000 | I51: =VLOOKUP(E51, Hoja7!$A$2:$B$22, 2, FALSE) -> 1300000 | J51: =G51/I51 -> 43.846154
A52: 2 | B52: 2 | C52: 692500000 | E52: 2023 | F52: 1 | G52: =C52/1 -> 692500000 | I52: =VLOOKUP(E52, Hoja7!$A$2:$B$22, 2, FALSE) -> 1160000 | J52: =G52/I52 -> 596.98276
E53: TOTAL DE EXPERIENCIA APORTADA | J53: =SUM(J51:J52) -> 640.82891
E54: TOTAL EXPERIENCIA REQUERIDA | J54: =C14 -> 32.093261
E55: HABILITACIÓN POR EXPERIENCIA (SI O NO) | J55: SI
A56: EXPERIENCIA APORTADA
A58: CONTRATO 1.
A59: N° EXPERIENCIA | C59: 1 | D59: ¿EL OBJETO Y EL O LOS CÓDIGOS UNSPSC SE AJUSTAN AL PLIEGO? | J59: SI
A60: NÚMERO DE CONTRATO | C60: =B51 -> 1 | G60: INICIO | H60: 45337 | I60: FIN | J60: 45519
A61: OBJETO | C61: Suministro y entrega de elementos de visibilización (chalecos reflectivos, gorras), elementos de protección y autocuidado personal (kits de bioseguridad, cascos) destinados a la gestión de movilizaciones sociales y acciones de cuidado en el espacio público.
A64: CONTRATANTE | C64: FUNDACION REAMAPAZ
A65: VALOR DEL CONTRATO | C65: =C51 -> 57000000 | E65: SMLMV DE AÑO DE INICIO | G65: =I51 -> 1300000
D66: VALOR CONTRATO EN SMLMV CÁLCULO FDLB AÑO INICIO | F66: =J51 -> 43.846154
A68: PORCENTAJE DE PARTICIPACIÓN EN EL VALOR EJECUTADO EN CASO DE CONSORCIOS Y UNIONES TEMPORALES
A69: OBSERVACIONES | C69: No
A71: CONTRATO 2.
A72: N° EXPERIENCIA | C72: 2 | D72: ¿EL OBJETO Y EL O LOS CÓDIGOS UNSPSC SE AJUSTAN AL PLIEGO? | J72: SI
A73: NÚMERO DE CONTRATO | C73: =B52 -> 2 | G73: INICIO | H73: 44936 | I73: FIN | J73: 45179
A74: OBJETO | C74: Prestación de servicios logísticos para la provisión integral de dotación de seguridad, prendas de visibilización técnica y elementos de protección personal (EPP) requeridos para el personal encargado de la atención de brigadas y gestión de intervenciones en espacio público.
A77: CONTRATANTE | C77: SOLUFRANVEL S.A.S
A78: VALOR DEL CONTRATO | C78: =C52 -> 692500000 | E78: SMLMV DE AÑO DE INICIO | G78: =I52 -> 1160000
D79: VALOR CONTRATO EN SMLMV CÁLCULO FDLB AÑO INICIO | F79: =J52 -> 596.98276
A81: PORCENTAJE DE PARTICIPACIÓN EN EL VALOR EJECUTADO EN CASO DE CONSORCIOS Y UNIONES TEMPORALES
A82: OBSERVACIONES | C82: No
A84: REQUISITOS HABILITANTES TÉCNICOS
A86: VERIFICACIÓN DE CALIDAD DE MATERIAS PRIMAS, DISPONIBILIDAD
A88: ¿El proponente aportó Ficha Técnica de la tela propuesta y una Certificación emitida por el Fabricante de la misma o distribuidor mayorista (autorizado), en la cual conste expresamente que La materia prima cumple con la composición, gramaje, solidez y normas técnicas descritas en el Anexo Técnico de este proceso. Se garantiza la existencia en inventario y la disponibilidad inmediata de los metros requeridos para la ejecución del contrato, asegurando el suministro continuo ante la alta demanda del mercado | J88: SI
A91: ACREDITACIÓN DE CAPACIDAD TÉCNICA OPERATIVA Y DISPONIBILIDAD INMEDIATA DE PRODUCCIÓN
A93: ¿El proponente acreditó, bajo la gravedad de juramento, que cuenta con la infraestructura operativa necesaria (maquinaria, personal y planta física) para iniciar la confección una vez legalizado el contrato. Para tal efecto, deberá aportar UNA de las siguientes dos opciones documentales: A. SI ES FABRICANTE DIRECTO (Producción Propia): 1. Relación de Maquinaria: Listado de los equipos propios o arrendados disponibles para la ejecución del objeto contractual. 2. Certificación de Disponibilidad de Planta: Documento suscrito por el Representante Legal y/o Revisor Fiscal (si aplica), certificando que la empresa cuenta con capacidad de producción libre y no comprometida para asumir el volumen de este contrato de manera inmediata, sin afectar otros compromisos comerciales vigentes. B. SI REALIZA PROCESOS MEDIANTE TERCEROS (Maquila/Satélite): 1. Contrato o Convenio de Maquila: Copia del acuerdo comercial vigente suscrito con una planta de producción o taller industrial. 2. Relación de Maquinaria del Tercero: Listado de los equipos con los que cuenta la planta aliada. 3. Carta de Compromiso de Prioridad y Reserva de Cupo: Documento firmado por el propietario o representante legal de la planta de producción (taller satélite), en el cual manifieste expresamente que: *Conoce el objeto y los plazos del presente proceso de selección. *Garantiza la reserva de cupo de producción para los bienes de este contrato, otorgando prioridad operativa sobre otros pedidos de temporada, asegurando así la entrega oportuna a la Entidad. | J93: SI
A95: DOCUMENTO APORTADO
A96: ACEPTACIÓN DE CONDICIONES TÉCNICAS
A98: ¿El contratista aporto certificación en la cual maniefiesta conocer y aceptar las condiciones técnicas del proceso? | J98: SI
A100: DOCUMENTO APORTADO
A102: NOTAS DE LA EVALUACIÓN
A104: El proponente allegó los documentos de subsanación mediante el mensaje CO1.MSG.8961384 dentro del término legal, cumpliendo con la totalidad de los requisitos de capacidad técnica, experiencia y ficha técnica exigidos en el anexo técnico del proceso.
A108: REALIZADA EN BOGOTÁ D.C. A LOS 30 DÍAS DEL MES DE DICIEMBRE DE 2025
D111: RUBEN LEONARDO TARQUINO DÍAZ
D112: Referente de seguridad FDLB

Sheet Hoja7
A1: VIGENCIA | B1: SMLMV | D1: HABILITADO | E1: CUMPLE | F1: SI
A2: 2005 | B2: 381500 | D2: NO HABILITADO | E2: NO CUMPLE | F2: NO
A3: 2006 | B3: 408000 | D3: RECHAZADO
A4: 2007 | B4: 433700
A5: 2008 | B5: 461500
A6: 2009 | B6: 496900
A7: 2010 | B7: 515000
A8: 2011 | B8: 535600
A9: 2012 | B9: 566700
A10: 2013 | B10: 589500
A11: 2014 | B11: 616000
A12: 2015 | B12: 644350
A13: 2016 | B13: 689455
A14: 2017 | B14: 737717
A15: 2018 | B15: 781242
... A22: 2025 | B22: 1423500
